 Dungeon Crawl Stone Soup version 0.23-a0-767-gdc19b93d68 (webtiles) character file.

872 Flugslaktarn the Cleaver (level 7, -7/57 HPs)
             Began as a Minotaur Fighter on Jan 28, 2019.
             Mangled by an orc warrior
             ... wielding a cursed -2 dire flail
              (19 damage)
             ... on level 5 of the Dungeon.
             The game lasted 00:01:23 (2686 turns).

Flugslaktarn the Cleaver (Minotaur Fighter)         Turns: 2686, Time: 00:01:24

Health: -7/57      AC:  6    Str: 22    XL:     7   Next: 74%
Magic:  6/6        EV:  7    Int:  5    God:
Gold:   165        SH:  9    Dex: 10    Spells: 6/6 levels left

rFire    . . .     SeeInvis .   a - +0 war axe
rCold    . . .     Gourm    .   c - +0 shield
rNeg     . . .     Faith    .   b - +0 scale mail
rPois    .         Spirit   .   (helmet restricted)
rElec    .         Reflect  .   (no cloak)
rCorr    .         Harm     .   (no gloves)
MR       .....                  (no boots)
Stlth    ..........             (no amulet)
HPRegen  0.19/turn              (no ring)
MPRegen  0.10/turn              (no ring)

@: no status effects
A: retaliatory headbutt, horns 2
a: no special abilities


You were on level 5 of the Dungeon.
You were hungry.

You visited 2 branches of the dungeon, and saw 6 of its levels.

You collected 165 gold pieces.

Inventory:

Hand Weapons
 a - a +0 war axe (weapon)
Missiles
 m - a throwing net (quivered)
Armour
 b - a +0 scale mail (worn)
 c - a +0 shield (worn)
Jewellery
 p - an uncursed ring of resist corrosion {unknown}
Wands
 k - a wand of scattershot (3) {@v5}
Scrolls
 e - a scroll of fog {unknown}
 h - 3 scrolls of identify {unknown}
 j - 3 scrolls of remove curse {unknown}
 l - a scroll of enchant weapon {unknown}
 o - a scroll of teleportation {unknown}
 r - a scroll of random uselessness {unknown}
Potions
 d - 2 potions of might {@q4}
 g - a potion of mutation {unknown}
 i - 2 potions of heal wounds {unknown}
 n - a potion of lignification {unknown}
 q - a potion of ambrosia {unknown}
Comestibles
 f - 3 rations {@e1}


   Skills:
 - Level 3.6 Fighting
 + Level 10.7 Axes
 - Level 3.6 Armour
 - Level 3.6 Shields


You had 6 spell levels left.
You didn't know any spells.
Your spell library was empty.

Dungeon Overview and Level Annotations

Branches:
Dungeon (5/15)             Temple (1/1) D:5

Altars:
Cheibriados
Fedhas
Gozag
Hepliaklqana
Kikubaaqudgha
Nemelex Xobeh
Qazlal
Sif Muna
Uskayaw
Vehumet
Wu Jian
Xom
Zin
The Shining One


Innate Abilities, Weirdness & Mutations

You reflexively headbutt those who attack you in melee.
You have a pair of horns on your head.


Message History

* * * LOW HITPOINT WARNING * * *
You are too injured to fight recklessly!
You are too injured to fight recklessly!
You are too injured to fight recklessly!
You are too injured to fight recklessly!
You are too injured to fight recklessly!
You are too injured to fight recklessly!
You are too injured to fight recklessly!
You are too injured to fight recklessly!
You are too injured to fight recklessly!
Unknown command.
You are too injured to fight recklessly!
You are too injured to fight recklessly!
Unknown command.
You block the orc warrior's attack.
Things that are here:
a +0 whip; an orc skeleton
Okay, then.
The orc warrior hits you with a cursed -2 dire flail!!
You die...

#.#.# ##.#.### #.#.#
#.###.#### # ..#.#
#.##.....###.#
###.####......).....#
......##########.####
....#.# #.# #####.#
#.# #.# #o# #.# #@#
#.# #.# #.# #.#
###.##########.#
#..............#
################


You could see an orc warrior.

Vanquished Creatures
  Pikel (D:5)
  A centaur zombie (D:5)
  A crimson imp (D:5)
  A bullfrog skeleton (D:5)
  A jelly (D:4)
  An orc priest (D:5)
  2 hounds
  An iguana (D:5)
  4 worker ants
  4 gnolls (D:3)
  An adder (D:2)
  An adder zombie (D:5)
  A leopard gecko (D:4)
  5 orcs (D:5)
  2 giant cockroaches
  2 goblins
  5 hobgoblins
  2 jackals (D:1)
  A quokka (D:5)
  2 ball pythons
  A ball python skeleton (D:5)
  A frilled lizard (D:1)
  3 kobolds (D:1)
  4 rats
48 creatures vanquished.

Notes
Turn   | Place    | Note
-------+----------+-------------------------------------------
     0 | D:1      | Flugslaktarn the Minotaur Fighter began the quest for the
                  | Orb.
     0 | D:1      | Reached XP level 1. HP: 19/19 MP: 0/0
   124 | D:1      | Reached skill level 3 in Axes
   138 | D:1      | Reached XP level 2. HP: 24/26 MP: 1/1
   251 | D:2      | Reached skill level 4 in Axes
   308 | D:3      | Reached XP level 3. HP: 31/31 MP: 2/2
   316 | D:3      | Reached skill level 5 in Axes
   442 | D:3      | Reached XP level 4. HP: 39/39 MP: 3/3
   725 | D:4      | Found an opulent altar of Gozag.
   725 | D:4      | Found a faded altar of an unknown god.
   732 | D:4      | Found a glowing silver altar of Zin.
   734 | D:4      | Found a glowing golden altar of the Shining One.
   736 | D:4      | Found a faded altar of an unknown god.
   851 | D:4      | Reached skill level 6 in Axes
  1077 | D:4      | Reached XP level 5. HP: 39/45 MP: 4/4
  1257 | D:4      | Found a hazy altar of Hepliaklqana.
  1397 | D:4      | Reached skill level 7 in Axes
  1534 | D:5      | Entered Level 5 of the Dungeon
  1689 | D:5      | Found an opulent altar of Gozag.
  1788 | D:5      | Reached XP level 6. HP: 45/51 MP: 5/5
  1889 | D:5      | Reached skill level 8 in Axes
  1910 | D:5      | Found a staircase to the Ecumenical Temple.
  1923 | Temple   | Entered the Ecumenical Temple
  2246 | D:5      | Noticed a slave
  2247 | D:5      | Noticed Pikel
  2248 | D:5      | Noticed a slave
  2249 | D:5      | Noticed a slave
  2250 | D:5      | Noticed a slave
  2264 | D:5      | Killed Pikel
  2264 | D:5      | Reached skill level 10 in Axes
  2264 | D:5      | Reached XP level 7. HP: 27/57 MP: 6/6
  2686 | D:5      | Mangled by an orc warrior

Vault maps used:
D:1:      wheals_arrival_linesprint
D:2:      kennysheep_big_flooded_room, minivault_27, okawaru_gym_becter
D:3:      chequers_ecumenical_altar_twisty, uniq_natasha, uniq_ijyb,
          uniq_crazy_yiuf_cottage
D:4:      lemuel_coloured_pillars_altar, chequers_temple_overflow_minitemple
D:5:      minmay_temple_entry_mini_moons, first_ration, basic_altar,
          nrook_mini_backslash, chequers_serial_rivers_large_a,
          guppyfry_early_orc_mine, uniq_pikel
Temple:   cyrus_temple_forest

Skill      XL: |  1  2  3  4  5  6 |
---------------+-------------------+-----
Axes           | 3 4 5 6 7 10 | 10.7
Fighting       | |  3.6
Armour         | |  3.6
Shields        | |  3.6

Action                   |  1- 3 |  4- 6 |  7- 9 || total
-------------------------+-------+-------+-------++-------
Melee: War axe           |    45 |    92 |    13 ||   150
       Headbutt          |     6 |    15 |     1 ||    22
  Eat: Chunk             |       |     4 |     1 ||     5
Armor: Scale mail        |    19 |    33 |     3 ||    55
Dodge: Dodged            |    21 |    14 |     3 ||    38
Block: Shield            |    29 |    37 |     5 ||    71

Table legend:
 A = Non-vault XP
 B = Vault XP
 C = Vault XP percentage of total XP
 D = Non-vault monster count
 E = Vault monster count
 F = Vault count percentage of total count
                 A         B        C        D         E       F
            +---------+---------+-------+---------+---------+-------
      Total |     552 |     694 |  55.7 |      42 |       6 |  12.5
            +---------+---------+-------+---------+---------+-------
        D:1 |      18 |       0 |   0.0 |      11 |       0 |   0.0
        D:2 |      19 |       0 |   0.0 |       6 |       0 |   0.0
        D:3 |      60 |       0 |   0.0 |       7 |       0 |   0.0
        D:4 |     189 |       0 |   0.0 |       7 |       0 |   0.0
        D:5 |     266 |     694 |  72.3 |      11 |       6 |  35.3
            +---------+---------+-------+---------+---------+-------
